 Dungeon Crawl Stone Soup version 0.32-a0-660-g97ce250973 (webtiles) character file.

Game seed: 13143973829569208873

621 HessuHobo the Trooper (level 7, -5/63 HPs)
             Began as a Mountain Dwarf Fighter on Mar 9, 2024.
             Was a Believer of Zin.
             Slain by a centaur
             ... wielding the +6 whip of Sharkskin {venom, *Rage +Blink rPois rC++}
              (6 damage)
             ... on level 5 of the Dungeon.
             The game lasted 00:09:24 (3724 turns).

HessuHobo the Trooper (Mountain Dwarf Fighter)      Turns: 3724, Time: 00:09:24

Health: -5/63      AC:  8    Str: 20    XL:     7   Next: 22%
Magic:  8/8        EV:  9    Int:  9    God:    Zin [**....]
Gold:   290        SH:  4    Dex:  9    Spells: 6/6 levels left

rFire   . . .        a - +0 war axe
rCold   . . .        c - +0 buckler
rNeg    . . .        b - +0 scale mail
rPois   .            (no helmet)
rElec   .            (no cloak)
rCorr   .            (no gloves)
SInv    .            m - +0 pair of boots
Will    .....        (no amulet) Stlth
                     (no ring)
HPRegen 0.30/turn    (no ring)
MPRegen 0.11/turn

%: no passive effects
@: mighty, lethally poisoned (-5 -> -51)
A: runic magic, artefact enchanting
a: Renounce Religion, Recite, Vitalisation, Donate Gold


You were on level 5 of the Dungeon.
You worshipped Zin.
Zin was pleased with you.
You visited 1 branch of the dungeon, and saw 5 of its levels.

You collected 322 gold pieces.
You donated 32 gold pieces to Zin.

Inventory:

Hand Weapons
 a - a +0 war axe (weapon)
 p - a +1 antimagic spear
Armour
 b - a +0 scale mail (worn)
 c - a +0 buckler (worn)
 m - a +0 pair of boots (worn)
Jewellery
 t - an amulet of faith
Scrolls
 e - a scroll of revelation
 f - 2 scrolls of fog
 g - a scroll of enchant weapon {unknown}
 i - a scroll of identify
 k - a scroll of vulnerability
 l - a scroll of silence {unknown}
 o - a scroll of summoning {unknown}
 r - a scroll of enchant armour {unknown}
 s - a scroll of blinking {unknown}
 u - a scroll of amnesia {unknown}
 y - a scroll of torment {unknown}
Potions
 d - a potion of might
 h - 2 potions of mutation {unknown}
 j - 2 potions of lignification {unknown}
 n - 3 potions of invisibility
 q - a potion of enlightenment {unknown}
 v - a potion of cancellation {unknown}
 w - 2 potions of haste {unknown}
 x - a potion of heal wounds {unknown}


   Skills:
 + Level 6.1 Fighting
 + Level 5.9 Axes
 - Level 5.0 Armour
 + Level 1.2 Dodging
 - Level 3.2 Shields
 + Level 1.8 Invocations


You had 6 spell levels left.
You didn't know any spells.
Your spell library was empty.

Dungeon Overview and Level Annotations

Branches:
Dungeon (5/15)
 Temple: D:4-7

Altars:
Ashenzari
Cheibriados
Gozag
Nemelex Xobeh
Ru
Vehumet
Zin

Shops:
D:3 !

Annotations:
D:4 3 runed translucent doors, Ank's ghost, novice DsGl; ongoing's ghost, amateur CoFi


Innate Abilities, Weirdness & Mutations

Your spellcasting is much less encumbered by armour.
You can use scrolls of enchantment on lesser artefacts.


Message History

You slash the dart slug!
You kill the dart slug!
No target in view!
You see here a dart slug corpse.
A centaur comes into view.
It is wielding the +6 whip of Sharkskin {venom, *Rage +Blink rPois rC++}.
The centaur shouts!
The centaur unwields the +6 whip of Sharkskin {venom, *Rage +Blink rPois rC++}.
It stops dripping with poison.
The centaur wields a +0 shortbow.
The centaur shoots an arrow.
The arrow hits you.
A centaur is nearby!
You see here a dart slug corpse.
The centaur shoots an arrow.
The arrow hits you.
The centaur unwields a +0 shortbow.
The centaur wields the +6 whip of Sharkskin {venom, *Rage +Blink rPois rC++}.
It begins to drip with poison!
The centaur goes berserk!
The centaur hits you with the +6 whip of Sharkskin!
You are poisoned.
The centaur kicks you.
The centaur hits you with the +6 whip of Sharkskin!
You are more poisoned.
The centaur kicks you but does no damage.
You are too injured to fight recklessly!
You are too injured to fight recklessly!
You are too injured to fight recklessly!
You hit the centaur.
The centaur is lightly wounded.
You feel extremely sick.
The centaur hits you with the +6 whip of Sharkskin.
You are lethally poisoned!
The centaur kicks you but does no damage.
You block the centaur's attack. The centaur closely misses you.
You feel very mighty all of a sudden.
* * * LOW HITPOINT WARNING * * *
You feel very sick.
The centaur hits you with the +6 whip of Sharkskin!
* * * LOW HITPOINT WARNING * * *
You are more poisoned.
The centaur kicks you but does no damage.
The centaur hits you with the +6 whip of Sharkskin.
You die...

#.# #.#.# #.#
#.#.# #.# #.#.#
#.# #.#.# #.#
#.# #.# #†# #@#
........c......
........#######
...#....# #.
##.#.# #.#.#
#.#$# #.#.#


You could see a centaur (berserk).

Vanquished Creatures
  Sigmund (D:2)
  An ice beast (D:5)
  A centaur (D:5)
  A bombardier beetle (D:3)
  2 hounds
  An orc priest (D:3)
  5 adders
  A white imp (D:5)
  2 ribbon worms
  4 dart slugs
  10 orcs
  7 ball pythons
  7 bats
  15 endoplasms
  4 giant cockroaches
  4 hobgoblins
  6 jackals
  9 kobolds
  2 quokkas
  5 frilled lizards
  5 goblins
  5 rats
98 creatures vanquished.

Notes
Turn   | Place    | Note
-------+----------+-------------------------------------------
     0 | D:1      | HessuHobo the Mountain Dwarf Fighter began the quest for
                  | the Orb.
     0 | D:1      | Reached XP level 1. HP: 19/19 MP: 1/1
   163 | D:1      | Reached XP level 2. HP: 18/26 MP: 2/2
   558 | D:1      | Reached XP level 3. HP: 30/33 MP: 3/3
   808 | D:2      | Reached skill level 4 in Fighting
   932 | D:2      | Noticed Sigmund
  1213 | D:2      | Killed Sigmund
  1214 | D:2      | Reached XP level 4. HP: 24/41 MP: 4/4
  1214 | D:2      | Reached XP level 5. HP: 27/47 MP: 5/5
  1528 | D:2      | Found a faded altar of an unknown god.
  1597 | D:3      | Reached skill level 5 in Fighting
  1776 | D:3      | Reached skill level 5 in Armour
  1801 | D:3      | Reached XP level 6. HP: 44/56 MP: 6/6
  2014 | D:3      | Reached skill level 5 in Axes
  2465 | D:3      | Found Tuatzet's Distillery.
  2609 | D:4      | Found a sparkling altar of Nemelex Xobeh.
  2611 | D:4      | Found a snail-covered altar of Cheibriados.
  2614 | D:4      | Found an opulent altar of Gozag.
  2614 | D:4      | Found a broken altar of Ashenzari.
  2616 | D:4      | Found a sacrificial altar of Ru.
  2617 | D:4      | Found a radiant altar of Vehumet.
  2860 | D:4      | Found a runed translucent gate.
  2860 | D:4      | Found a runed translucent gate.
  2860 | D:4      | Found a runed translucent gate.
  2860 | D:4      | Noticed ongoing's ghost (amateur CoFi)
  2862 | D:4      | Noticed Ank's ghost (novice DsGl)
  3033 | D:4      | Found a glowing silver altar of Zin.
  3037 | D:4      | Became a worshipper of Zin the Law-Giver
  3037 | D:4      | Reached * piety under Zin
  3283 | D:5      | Entered Level 5 of the Dungeon
  3310 | D:5      | Reached ** piety under Zin
  3462 | D:5      | Noticed an ice beast
  3491 | D:5      | Killed an ice beast
  3492 | D:5      | Reached skill level 1 in Dodging
  3492 | D:5      | Reached skill level 1 in Invocations
  3492 | D:5      | Reached XP level 7. HP: 38/62 MP: 7/7
  3591 | D:5      | Reached skill level 6 in Fighting
  3717 | D:5      | Identified the +6 whip of Sharkskin {venom, *Rage +Blink
                  | rPois rC++}
  3724 | D:5      | HP: 1/63 [centaur/the +6 whip of Sharkskin {venom, *Rage
                  | +Blink rPois rC++} (12)]
  3724 | D:5      | Slain by a centaur

Illustrated notes

Levels and vault maps discovered:
D:1:      wander_arrival_estate, layout_rooms
D:2:      layout_loops_ring, basic_ecumenical_altar, uniq_sigmund
D:3:      layout_loops_ring, serial_shops, nicolae_shop_tiny_real_fake_doors,
          reono_crystal_passage
D:4:      kennysheep_big_flooded_room, layout_basic, zin_scriptorium,
          grunt_temple_overflow_open, gammafunk_ghost_cemetery
D:5:      layout_loops_ring, serial_shops, shop

Skill      XL: |  1  2  3  4  5  6  7 |
---------------+----------------------+-----
Axes           | 3 4 5 |  5.9
Fighting       | 4 5 6 |  6.1
Armour         | 4 5 |  5.0
Dodging        | 1 |  1.2
Invocations    | 1 |  1.8
Shields        | |  3.2

Action                     |  1- 3 |  4- 6 |  7- 9 || total
---------------------------+-------+-------+-------++-------
  Melee: War axe           |   129 |   194 |     7 ||   330
    Use: Scroll            |       |     4 |       ||     4
         Potion            |       |       |     1 ||     1
 Armour: Scale mail        |    90 |   128 |    23 ||   241
  Dodge: Dodged            |    75 |    92 |     3 ||   170
  Block: Buckler           |    19 |    53 |     6 ||    78

Table legend: (Time is in decaauts)
 A = Elapsed time spent in this place.
 B = Non-inter-level travel time spent in this place.
 C = Inter-level travel time spent in this place.
 D = Time resting spent in this place.
 E = Time spent auto-exploring this place.
 F = Levels seen in this place.
 G = Mean time per level.
                   A        B        C        D        E       F      G
               +--------+--------+--------+--------+--------+-----+--------+
         Total |   3833 |   3664 |    169 |    713 |   2052 |   5 |  766.6 |
       Dungeon |   3833 |   3664 |    169 |    713 |   2052 |   5 |  766.6 |
               +--------+--------+--------+--------+--------+-----+--------+

Top non-repeatable levels by time:
     D:3: 984 daAuts
     D:1: 850 daAuts
     D:2: 774 daAuts
     D:4: 773 daAuts
     D:5: 450 daAuts
